 Dungeon Crawl Stone Soup version 0.29-a0-857-g9b1aa3ac5b (webtiles) character file.

Game seed: 6962103606740075364

2340 scionoferis the Frost Mage (level 9, 70/70 HPs)
             Began as a Pale Draconian Ice Elementalist on July 16, 2022.
             Was a Believer of Vehumet.
             Got out of the dungeon alive.
             The game lasted 00:32:43 (7950 turns).

scionoferis the Frost Mage (DrIE)                   Turns: 7950, Time: 00:32:44

Health: 70/70      AC:  8    Str: 11    XL:     9   Next: 19%
Magic:  17/17      EV: 12    Int: 19    God:    Vehumet [**....]
Gold:   232        SH:  5    Dex: 12    Spells: 8/19 levels left

rFire   . . .      SeeInvis .   i - +0 spear (flame)
rCold   . . .      Faith    .   (no shield)
rNeg    . . .      Spirit   .   (body armour unavailable)
rPois   .          Reflect  +   (helmet restricted)
rElec   .          Harm     .   C - +0 cloak
rCorr   .          Rampage  .   (no gloves)
Will    +....                   (no boots)
Stlth   ++........              F - amulet of reflection
HPRegen 0.21/turn               s - ring of willpower
MPRegen 0.15/turn               (no ring)

@: no status effects
A: breathe steam, AC +7, unfitting armour, cold-blooded, steam resistance
a: Breathe Steam, Renounce Religion


You escaped.
You worshipped Vehumet.
Vehumet was pleased with you.
You visited 1 branch of the dungeon, and saw 7 of its levels.
You also visited: Ossuary.

You collected 232 gold pieces.

Inventory:

Hand Weapons
 c - a +0 halberd
 g - a +0 whip
 h - a +0 mace
 i - a +0 spear of flaming (weapon)
 j - a +0 dagger
 q - a +0 short sword
 r - a +0 sling
 t - the +2 short sword of the Intense God {vorpal, Drain rPois Dex+3}
   (You found it on level 2 of the Dungeon)

   It inflicts extra damage upon your enemies.
   Dex:       It affects your dexterity (+3).
   rPois:     It protects you from poison.
   Drain:     It drains your maximum health when unequipped.
 B - a +2 quarterstaff of chaos
 N - a +0 flail of protection
Missiles
 k - 43 stones (quivered)
 x - 3 poisoned darts
 M - 2 boomerangs
Armour
 C - a +0 cloak (worn)
Magical Staves
 b - a staff of poison
 Q - a staff of conjuration
 R - a staff of earth
Jewellery
 s - a ring of willpower (left hand)
 F - an amulet of reflection (around neck)
 L - an amulet of guardian spirit
 S - an amulet of regeneration
Wands
 m - a wand of quicksilver (5)
 u - a wand of charming (6)
Scrolls
 e - 8 scrolls of teleportation
 f - 3 scrolls of fear
 l - 2 scrolls of amnesia
 n - 3 scrolls of enchant armour
 p - 3 scrolls of silence
 y - a scroll of enchant weapon
 z - a scroll of brand weapon
 D - a scroll of noise
 I - 3 scrolls of vulnerability
 J - a scroll of immolation
 K - a scroll of magic mapping
 O - 3 scrolls of poison
Potions
 a - 3 potions of magic
 d - 6 potions of curing
 o - 3 potions of lignification
 v - a potion of cancellation {unknown}
 w - a potion of brilliance {unknown}
 A - a potion of mutation {unknown}
 E - a potion of attraction
 G - a potion of berserk rage
 H - 3 potions of flight
 P - a potion of degeneration {unknown}
 T - a potion of heal wounds {unknown}


   Skills:
 + Level 3.2 Fighting
 + Level 3.2 Dodging
 + Level 3.4 Stealth
 + Level 5.6 Spellcasting
 * Level 6.0 Conjurations
 + Level 8.2 Ice Magic


You had 8 spell levels left.
You knew the following spells:

 Your Spells              Type           Power      Damage    Failure   Level
a - Freeze                Ice            100%       1d11      1%          1
b - Frozen Ramparts       Ice            72%        1d9       1%          3
c - Ozocubu's Armour      Ice            36%        N/A       1%          3
d - Hailstorm             Conj/Ice       32%        3d8       6%          4

Your spell library contained the following spells:

 Spells                   Type           Power      Damage    Failure   Level
 Static Discharge         Conj/Air       16%        3-5/arc   4%          2
 Tukima's Dance           Hex            5%         N/A       34%         3
 Passage of Golubria      Tloc           5%         N/A       75%         4
 Yara's Violent Unravell  Hex/Tmut       2%         3d3       97%         5


Dungeon Overview and Level Annotations

Branches:
Dungeon (7/15)             Temple (0/1) D:5         Ossuary (visited)

Altars:
Ashenzari
Dithmenos
Elyvilon
Qazlal
Vehumet
Xom
Yredelemnul

Annotations:
D:7 1 transporter, Selrock's ghost, novice DjGl


Innate Abilities, Weirdness & Mutations

You can breathe blasts of scalding, opaque steam.
Your pale cyan-grey scales are hard. (AC +7)
You cannot fit into any form of body armour.
You are cold-blooded and may be slowed by cold attacks.
You are immune to the effects of steam.


Message History

Vehumet accepts your kill.
You feel your power returning.
Your Fighting skill increases to level 3!
Your Conjurations skill increases to level 6!
Your icy armour cracks and falls away as you move.
The frozen ramparts melt away as you move.
There is an open translucent door here.
n - 3 scrolls of enchant armour (gained 1)
T - a glowing inky potion
There is an open translucent door here.
Unknown command.
Search for what [Enter for "d:", or ? for help]? d:
Okay, then.
Save game and exit?
Welcome back, scionoferis the Pale Draconian Ice Elementalist.
Vehumet says: Let it end in hellfire!
Press ? for a list of commands and other information.
(D) Dungeon (T) Temple
Where to? (? - help)
What level of the Dungeon? (default 1, ? - help) Magic restored.
There is an open door here.
There is a stone staircase leading up here.
You climb upwards.
There is a stone staircase leading down here.
You enter the shallow water.
Moving in this stuff is going to be slow.
There is a stone staircase leading up here.
You climb upwards.
There is a stone staircase leading down here.
There is a stone staircase leading up here.
You climb upwards.
There is a stone staircase leading down here.
There is an open door here.
There is a stone staircase leading up here.
You climb upwards.
There is a stone staircase leading down here.
There is a staircase leading out of the dungeon here.
Are you sure you want to leave the Dungeon?
This will make you lose the game!
You have escaped!

#...........#####............#
#.....#..........###.......#.#
#.....#..#######.# ##.#....#.#
##.....#..#######.## #.#.....[.
#......##..........# #...#..###
#..)#####.########.# ###.#..#
#...# ##.#......#.#####....#
#...# ##.#.####.#..........#
###...# ##.#.#.@#.##.####..>.#
..#...## ##.#....#.##.# #.....#
..#....# ##.######.##.# #.#..##
..##.#.####........##.# #.....#
..#.........######..#.###....##
.......#.#..######....#......#
..#..#.#.#............[.##.###
###....#...................###
..####.#......#..............#


There were no monsters in sight!

Vanquished Creatures
  The ghost of zhov the Skirmisher, a novice DsHu (D:5)
  The ghost of buhh the Vexing, a novice MeEn (D:4)
  Sigmund (D:3)
  The ghost of audacious124 the Sneak, an amateur KoBr (D:4)
  A wraith (Ossuary)
  The ghost of kkgakdfjhgaksdf the Grave Robber, an amateur DgNe (D:4)
  A water moccasin (D:7)
  A black bear (D:5)
  An ogre (D:3)
  3 scorpions
  A quasit (D:4)
  2 hounds (D:5)
  A gnoll bouda (D:5)
  2 orc priests (D:4)
  An iguana (D:5)
  Jessica (D:3)
  Crazy Yiuf (D:3)
  4 orc wizards (D:4)
  Ijyb (D:3)
  3 mummies (Ossuary)
  11 gnolls
  10 adders
  A shadow imp (D:4)
  A white imp (D:4)
  An ufetubus (D:4)
  A worm (D:2)
  3 dart slugs
  13 orcs
  8 ball pythons
  2 bats
  2 endoplasms
  4 giant cockroaches
  9 goblins
  4 hobgoblins
  6 jackals (D:3)
  3 quokkas
  2 frilled lizards
  A goblin zombie (Ossuary)
  3 hobgoblin zombies (Ossuary)
  5 kobolds
  5 kobold zombies (Ossuary)
  5 rats
  2 butterflies (D:5)
131 creatures vanquished.

Vanquished Creatures (others)
  7 demonic plants (D:4)
  4 withered plants (D:4)
11 creatures vanquished.

Grand Total: 142 creatures vanquished

Notes
Turn   | Place    | Note
-------+----------+-------------------------------------------
     0 | D:1      | scionoferis the Draconian Ice Elementalist began the quest
                  | for the Orb.
     0 | D:1      | Reached XP level 1. HP: 14/14 MP: 3/3
    55 | D:1      | Found a faded altar of an unknown god.
   470 | D:1      | Reached XP level 2. HP: 20/20 MP: 5/5
  1106 | D:2      | Reached XP level 3. HP: 26/26 MP: 4/6
  1110 | D:2      | Learned a level 3 spell: Frozen Ramparts
  1544 | D:2      | Reached skill level 5 in Ice Magic
  1597 | D:2      | Learned a level 3 spell: Ozocubu's Armour
  1812 | D:2      | Identified the +2 short sword of the Intense God {vorpal,
                  | Drain rPois Dex+3}
  1872 | D:2      | Reached XP level 4. HP: 33/33 MP: 8/8
  1989 | D:3      | Noticed Sigmund
  2068 | D:3      | Noticed Ijyb
  2084 | D:3      | Killed Ijyb
  2143 | D:3      | Found a radiant altar of Vehumet.
  2151 | D:3      | Became a worshipper of Vehumet
  2238 | D:3      | Killed Sigmund
  2239 | D:3      | Reached skill level 6 in Ice Magic
  2239 | D:3      | Reached XP level 5. HP: 33/38 MP: 0/10
  2239 | D:3      | Reached XP level 6. HP: 39/45 MP: 0/11
  2244 | D:3      | Learned a level 4 spell: Hailstorm
  2352 | D:3      | Noticed Jessica
  2356 | D:3      | Killed Jessica
  2458 | D:3      | Found a white marble altar of Elyvilon.
  2478 | D:3      | Found a stormy altar of Qazlal.
  2695 | D:3      | Reached skill level 1 in Conjurations
  2913 | D:3      | Reached * piety under Vehumet
  2913 | D:3      | Offered knowledge of Foxfire by Vehumet.
  2963 | D:3      | Found a runed translucent door.
  2964 | D:3      | Noticed Crazy Yiuf
  2971 | D:3      | Killed Crazy Yiuf
  3323 | D:4      | Reached skill level 7 in Ice Magic
  3344 | D:4      | Found a sand-covered staircase.
  3353 | Ossuary  | Entered an ossuary
  3353 | Ossuary  | Noticed a wraith
  3353 | Ossuary  | Noticed a wraith
  3353 | Ossuary  | Noticed a wraith
  3528 | Ossuary  | Your scales start taking on a pale cyan-grey colour.
  3528 | Ossuary  | Reached XP level 7. HP: 50/50 MP: 13/13
  3528 | Ossuary  | Gained mutation: You are immune to the effects of steam.
                  | [Pale Draconian growth]
  4036 | Ossuary  | Noticed a wraith
  4053 | Ossuary  | Killed a wraith
  5024 | D:4      | Offered knowledge of Static Discharge by Vehumet.
  5123 | D:4      | Reached ** piety under Vehumet
  5293 | D:4      | Found a broken altar of Ashenzari.
  5444 | D:4      | Found a runed translucent gate.
  5444 | D:4      | Found a runed translucent gate.
  5444 | D:4      | Found a runed translucent gate.
  5448 | D:4      | Noticed buhh's ghost (novice MeEn)
  5448 | D:4      | Noticed audacious124's ghost (amateur KoBr)
  5448 | D:4      | Noticed kkgakdfjhgaksdf's ghost (amateur DgNe)
  5475 | D:4      | Found a basalt altar of Yredelemnul.
  5977 | D:4      | Killed kkgakdfjhgaksdf's ghost
  5978 | D:4      | Reached XP level 8. HP: 47/56 MP: 6/15
  5988 | D:4      | Killed buhh's ghost
  5989 | D:4      | Reached skill level 1 in Fighting
  5989 | D:4      | Reached skill level 5 in Spellcasting
  6087 | D:4      | Killed audacious124's ghost
  6088 | D:4      | Reached skill level 5 in Conjurations
  6140 | D:5      | Entered Level 5 of the Dungeon
  6392 | D:5      | Reached skill level 8 in Ice Magic
  6577 | D:5      | Found a shimmering altar of Xom.
  6664 | D:5      | You fall into a shaft and drop 2 floors!
  6819 | D:7      | Noticed a troll
  6821 | D:7      | Found a transporter.
  6826 | D:7      | Noticed Selrock's ghost (novice DjGl)
  7190 | D:5      | Found a runed translucent door.
  7191 | D:5      | Noticed zhov's ghost (novice DsHu)
  7203 | D:5      | Found a staircase to the Ecumenical Temple.
  7371 | D:5      | Reached XP level 9. HP: 68/68 MP: 12/17
  7439 | D:5      | Found a shadowy altar of Dithmenos.
  7778 | D:5      | Killed zhov's ghost
  7950 | D:$      | Got out of the dungeon alive.

Illustrated notes

Levels and vault maps discovered:
D:1:      zelgadis_glass_arrival_small, layout_basic,
          shapermc_ecumenical_altar_starsandcircs
D:2:      layout_loops_corners
D:3:      layout_loops_ring, nicolae_overflow_hidden_temple, elyvilon_altar_1,
          vehumet_crystals, roderic_serpentine_path, uniq_jessica,
          uniq_crazy_yiuf_cottage, uniq_ijyb, uniq_sigmund
D:4:      cheibrodos_pilgrimage, layout_basic, kennysheep_little_box,
          lemuel_crystal_altar, serial_demonic, serial_demonic_b,
          serial_demonic_f, serial_demonic_e, serial_demonic_e,
          serial_demonic_f, serial_demonic_f, gammafunk_ghost_cemetery,
          lightli_ossuary_entry_decrepit_ruins
D:5:      layout_loops_corners, xom_butterflies, nicolae_dithmenos_the_darkroom,
          minmay_temple_entry_butterflies, hellmonk_ghost_happy_afterlife
D:6:      layout_layer_cave, grunt_gozag_breadcrumbs, uniq_eustachio
D:7:      layout_cave_pods, zin_treasury, nzn_ghost_randoct,
          kennysheep_generic_room_12

Skill      XL: |  1  2  3  4  5  6  7  8  9 |
---------------+----------------------------+-----
Ice Magic      | 5 6 7 8 |  8.2
Spellcasting   | 3 4 5 |  5.6
Conjurations   | 1 4 5 6 |  6.0
Dodging        | 2 3 |  3.2
Stealth        | 2 3 |  3.4
Fighting       | 2 3 |  3.2

Action                   |  1- 3 |  4- 6 |  7- 9 || total
-------------------------+-------+-------+-------++-------
Melee: Halberd           |    40 |       |       ||    40
       Tailslap          |     7 |     5 |    20 ||    32
       Spear             |    46 |   106 |   202 ||   354
       Mace              |    16 |       |       ||    16
       Punch             |       |     1 |     2 ||     3
Throw: Boomerang         |     2 |     4 |     5 ||    11
       Stone             |       |       |     2 ||     2
 Cast: Freeze            |     5 |       |       ||     5
       Frozen Ramparts   |     2 |    13 |    39 ||    54
       Ozocubu's Armour  |       |     7 |    27 ||    34
 Abil: Breathe Steam     |       |       |     3 ||     3
  Use: Scroll            |       |     7 |     7 ||    14
       Potion            |       |     1 |     2 ||     3
 Stab: Sleeping          |     7 |     4 |     4 ||    15
Armor: Skin              |    39 |    14 |   101 ||   154
Dodge: Dodged            |    75 |    39 |   114 ||   228
Block: Other             |       |     1 |    41 ||    42
       Reflection        |       |       |     1 ||     1

Table legend: (Time is in decaauts)
 A = Elapsed time spent in this place.
 B = Non-inter-level travel time spent in this place.
 C = Inter-level travel time spent in this place.
 D = Time resting spent in this place.
 E = Time spent auto-exploring this place.
 F = Levels seen in this place.
 G = Mean time per level.
                   A        B        C        D        E       F      G
               +--------+--------+--------+--------+--------+-----+--------+
         Total |   8031 |   7635 |    396 |   1053 |   4562 |   8 | 1003.9 |
       Dungeon |   7040 |   6644 |    396 |    562 |   4562 |   7 | 1005.7 |
       Ossuary |    990 |    990 |      0 |    491 |      0 |   1 |  990.0 |
               +--------+--------+--------+--------+--------+-----+--------+

Top non-repeatable levels by time:
     D:4: 1995 daAuts
     D:5: 1310 daAuts
     D:3: 1250 daAuts
     D:2: 1085 daAuts
     D:1: 1027 daAuts
 Ossuary: 990 daAuts
     D:7: 367 daAuts
     D:6: 4 daAuts
